Los Angeles Kings vs Anaheim Ducks
Created - Wednesday, April 5, 2023 at 07:32
Goals
|
| Los Angeles Kings |
0 |
0 |
3 |
0 |
5 |
4 |
| Anaheim Ducks |
0 |
1 |
2 |
0 |
4 |
3 |
|
Shots
|
| Los Angeles Kings |
12 |
10 |
7 |
0 |
8 |
29 |
| Anaheim Ducks |
9 |
17 |
15 |
0 |
8 |
41 |
|
1st period
No Goal
Penalties :
Alex Killorn (ANA) for Roughing (Minor) at 3:58
2nd period
1. Anaheim Ducks , John Tavares 12 (Teuvo Teravainen 3) at 12:44
Penalties :
Brayden Schenn (ANA) for Goalie Interference (Minor) at 0:17, Erik Brannstrom (LAK) for Tripping (Minor) at 1:40, Andrei Svechnikov (LAK) for Holding (Minor) at 15:46
3rd period
2. Los Angeles Kings , Peyton Krebs 5 (Noah Dobson 16, Ryan Reaves 3) at 0:58
3. Anaheim Ducks , Brayden Schenn 5 (John Tavares 9, Ivan Provorov 9) at 1:52
4. Anaheim Ducks , Chandler Stephenson 3 (Alexandre Texier 1, Alex Killorn 5) at 5:18
5. Los Angeles Kings , Erik Brannstrom 3 (Mike Matheson 11, Andrei Svechnikov 20) at 8:01
6. Los Angeles Kings , Andrei Svechnikov 17 (Nicklas Backstrom 20) at 13:53 (PP)
Penalties :
Radek Faksa (ANA) for Roughing (Minor) at 13:47, Ryan Reaves (LAK) for Holding (Minor) at 15:28
Overtime #1
No Goal
Penalties :
No Penalty
Shootout
Los Angeles Kings, Andrei Svechnikov - Stopped by Robin Lehner
Anaheim Ducks, Jakob Chychrun - Stopped by John Gibson
Los Angeles Kings, Nicklas Backstrom - Stopped by Robin Lehner
Anaheim Ducks, Brenden Dillon - Stopped by John Gibson
Los Angeles Kings, Kirby Dach - Goal!
Anaheim Ducks, Mark Scheifele - Goal!
Los Angeles Kings, Dominik Kubalik - Stopped by Robin Lehner
Anaheim Ducks, John Tavares - Stopped by John Gibson
Los Angeles Kings, Alexander Radulov - Goal!
Anaheim Ducks, Nazem Kadri - Goal!
Los Angeles Kings, Jakub Zboril - Goal!
Anaheim Ducks, Alexandre Texier - Goal!
Los Angeles Kings, K'Andre Miller - Goal!
Anaheim Ducks, Brayden Schenn - Goal!
Los Angeles Kings, Cooper Marody - Goal!
Anaheim Ducks, Radek Faksa - Shot Misses the Net
Penalties :
No Penalty
Goalie Stats
John Gibson (LAK), 38 saves from 41 shots - (0.927), W, 9-5-0, 65:00 minutes
Robin Lehner (ANA), 26 saves from 29 shots - (0.897), OTL, 2-1-1, 65:00 minutes
Players Stats for Los Angeles Kings
Player Name G A P +/- PIM S H SB GA TA FO MP PP MP PK MP
------------------------------------------------------------------------------------
Alexander Radulov 0 0 0 0 0 0 3 1 0 0 1/1 15:32 1:41 0:00
Andrei Svechnikov 1 1 2 0 2 4 1 1 3 0 1/7 21:23 1:47 1:15
Cooper Marody 0 0 0 -1 0 2 2 0 0 1 1/2 8:46 0:00 0:00
Dominik Kubalik 0 0 0 0 0 6 2 0 1 0 0/0 19:59 1:41 2:07
Erik Brannstrom 1 0 1 0 2 3 2 0 0 1 0/0 23:37 1:27 1:29
Evan Polei 0 0 0 -1 0 1 1 0 0 1 0/1 10:10 0:00 0:00
Jakub Zboril 0 0 0 -1 0 1 1 2 0 2 0/0 15:11 0:00 0:00
K'Andre Miller 0 0 0 0 0 2 0 2 0 0 0/0 26:19 2:00 2:43
Kirby Dach 0 0 0 0 0 0 1 0 0 0 1/2 21:17 1:47 1:39
Mike Matheson 0 1 1 0 0 2 1 7 0 2 0/0 24:16 1:28 2:38
Nicklas Backstrom 0 1 1 0 0 1 2 0 1 1 4/18 22:40 1:47 2:54
Noah Dobson 0 1 1 0 0 3 0 2 0 0 0/0 25:33 2:00 2:43
Peyton Krebs 1 0 1 0 0 2 1 0 0 0 4/15 13:43 0:00 0:59
Rasmus Sandin 0 0 0 -1 0 1 1 2 0 1 0/0 15:34 0:00 1:09
Ryan Reaves 0 1 1 0 2 0 1 0 1 0 1/1 14:12 0:00 1:39
Seth Jarvis 0 0 0 0 0 0 3 0 1 0 1/11 15:23 1:41 0:00
Tyler Gaudet 0 0 0 0 0 0 3 0 0 0 0/1 11:39 0:00 0:09
Vitaly Kravtsov 0 0 0 -1 0 1 0 0 0 0 0/0 8:46 0:00 0:00
Players Stats for Anaheim Ducks
Player Name G A P +/- PIM S H SB GA TA FO MP PP MP PK MP
------------------------------------------------------------------------------------
Alex Killorn 0 1 1 1 2 5 0 0 0 0 1/1 12:54 0:39 1:01
Alexandre Texier 0 1 1 1 0 3 0 1 0 0 0/0 15:13 0:51 1:17
Brayden Schenn 1 0 1 0 2 3 0 1 1 0 0/0 20:14 1:39 1:10
Brenden Dillon 0 0 0 0 0 0 4 1 1 0 0/0 13:15 0:19 0:00
Chandler Stephenson 1 0 1 1 0 3 3 0 1 0 8/9 13:08 0:00 2:11
Esa Lindell 0 0 0 0 0 3 1 2 0 3 0/0 26:52 1:53 2:01
Ivan Provorov 0 1 1 1 0 1 0 0 0 2 0/0 31:12 3:39 2:01
J.T. Compher 0 0 0 0 0 2 1 0 1 0 0/0 9:58 0:51 1:17
Jakob Chychrun 0 0 0 0 0 1 1 1 0 0 0/0 21:11 1:23 1:27
John Tavares 1 1 2 0 0 1 2 0 0 1 11/16 17:38 1:25 0:00
Josh Manson 0 0 0 0 0 0 1 0 0 0 0/0 13:18 0:00 1:27
Josh Morrissey 0 0 0 1 0 4 1 0 0 0 0/0 24:12 3:28 0:00
Mark Scheifele 0 0 0 0 0 2 1 0 1 0 3/4 21:56 3:03 0:00
Mason Marchment 0 0 0 0 0 1 0 1 0 0 0/0 6:06 0:00 0:00
Nazem Kadri 0 0 0 0 0 4 2 2 2 1 18/23 22:54 3:05 0:00
Radek Faksa 0 0 0 0 2 0 0 0 0 0 1/2 6:05 0:00 0:00
Teuvo Teravainen 0 1 1 0 0 4 0 0 1 0 0/1 16:54 1:25 0:00
William Nylander 0 0 0 0 0 4 2 0 1 0 3/3 22:53 3:05 0:00
3 Stars
1 - John Tavares (ANA)
2 - Chandler Stephenson (ANA)
3 - Andrei Svechnikov (LAK)
Power Play
Los Angeles Kings - 1 on 3 Attempt(s) - 33.33%
Anaheim Ducks - 0 on 3 Attempt(s) - 0.00%
Penalty Kill
Los Angeles Kings - 3 on 3 Attempt(s) - 100.00%
- Score 0 goal in Penalty Kill
Anaheim Ducks - 2 on 3 Attempt(s) - 66.67%
- Score 0 goal in Penalty Kill
Team Stat
Los Angeles Kings - Hits : 25 - Faceoff Wins : 14 - Blocked Shots : 17 - Penalty Minutes : 6
Anaheim Ducks - Hits : 19 - Faceoff Wins : 45 - Blocked Shots : 9 - Penalty Minutes : 6
Official
Referees : Dave Jackson and Jean Hebert
Linesman : Brandon Gawryletz and Bryan Pancich
Game Notes
No Game Note
Finance
Level 1 -- Attendance: 4930 (82.17%) -- Ticket Income $493,000
Level 2 -- Attendance: 3526 (70.52%) -- Ticket Income $211,560
Level 3 -- Attendance: 1928 (64.27%) -- Ticket Income $88,688
Level 4 -- Attendance: 3560 (71.20%) -- Ticket Income $89,000
Luxury Box -- Attendance: 731 (73.10%) -- Ticket Income $146,200
Game was played at the Honda Center.
Total Attendance: 14675 (73.38%)
Total Ticket Income: $1,028,448
Other Income: $359,957
Total Income: $1,388,405
Los Angeles Kings
5 vs 5 Forward
Center Left Wing Right Wing Time % Phy DF OF
1 Nicklas Backstrom Andrei Svechnikov Kirby Dach 30 1 2 2
2 Seth Jarvis Dominik Kubalik Alexander Radulov 30 1 2 2
3 Peyton Krebs Tyler Gaudet Ryan Reaves 25 1 2 2
4 Cooper Marody Vitaly Kravtsov Evan Polei 15 1 2 2
5 vs 5 Defense
Defense Defense Time % Phy DF OF
1 Noah Dobson K'Andre Miller 35 1 2 2
2 Mike Matheson Erik Brannstrom 35 1 2 2
3 Jakub Zboril Rasmus Sandin 30 1 2 2
4 Noah Dobson K'Andre Miller 0 1 2 2
PowerPlay Forward
Center Left Wing Right Wing Time % Phy DF OF
1 Nicklas Backstrom Andrei Svechnikov Kirby Dach 50 1 2 2
2 Seth Jarvis Dominik Kubalik Alexander Radulov 50 1 2 2
PowerPlay Defense
Defense Defense Time % Phy DF OF
1 Noah Dobson K'Andre Miller 50 1 2 2
2 Mike Matheson Erik Brannstrom 50 1 2 2
Penalty Kill 4 Players Forward
Center Wing Time % Phy DF OF
1 Andrei Svechnikov Nicklas Backstrom 50 1 2 2
2 Kirby Dach Dominik Kubalik 50 1 2 2
Penalty Kill 4 Players Defense
Defense Defense Time % Phy DF OF
1 Noah Dobson K'Andre Miller 50 1 2 2
2 Mike Matheson Erik Brannstrom 50 1 2 2
Penalty Kill - 3 Players Forward
Forward Time % Phy DF OF
1 Andrei Svechnikov 50 1 2 2
2 Nicklas Backstrom 50 1 2 2
Penalty Kill - 3 Players Defense
Defense Defense Time % Phy DF OF
1 Noah Dobson K'Andre Miller 50 1 2 2
2 Mike Matheson Erik Brannstrom 50 1 2 2
4 vs 4 Forward
Center Wing Time % Phy DF OF
1 Andrei Svechnikov Nicklas Backstrom 50 1 2 2
2 Kirby Dach Dominik Kubalik 50 1 2 2
4 vs 4 Defense
Defense Defense Time % Phy DF OF
1 Noah Dobson K'Andre Miller 50 1 2 2
2 Mike Matheson Erik Brannstrom 50 1 2 2
Last Minutes Offensive
Center Left Wing Right Wing Defense Defense
Nicklas Backstrom Andrei Svechnikov Kirby Dach Noah Dobson K'Andre Miller
Last Minutes Defensive
Center Left Wing Right Wing Defense Defense
Nicklas Backstrom Andrei Svechnikov Kirby Dach Noah Dobson K'Andre Miller
Goaltenders
Starting : John Gibson
Backup : Aaron Dell
Extra Forwards
Normal : Evan Polei, Peyton Krebs, Ryan Reaves - PP : Evan Polei, Peyton Krebs - PK : Ryan Reaves
Extra Defensemen
Normal : Jakub Zboril, Rasmus Sandin, Mike Matheson - PP : Jakub Zboril - PK : Rasmus Sandin, Mike Matheson
Penalty Shots
Andrei Svechnikov, Nicklas Backstrom, Kirby Dach, Dominik Kubalik, Alexander Radulov
Anaheim Ducks
5 vs 5 Forward
Center Left Wing Right Wing Time % Phy DF OF
1 Nazem Kadri Mark Scheifele William Nylander 37 1 2 2
2 John Tavares Brayden Schenn Teuvo Teravainen 33 1 2 2
3 Chandler Stephenson Alexandre Texier Alex Killorn 25 1 2 2
4 Radek Faksa J.T. Compher Mason Marchment 5 1 2 2
5 vs 5 Defense
Defense Defense Time % Phy DF OF
1 Ivan Provorov Josh Morrissey 40 1 2 2
2 Jakob Chychrun Esa Lindell 30 1 2 2
3 Brenden Dillon Josh Manson 20 1 2 2
4 Ivan Provorov Esa Lindell 10 1 2 2
PowerPlay Forward
Center Left Wing Right Wing Time % Phy DF OF
1 Nazem Kadri Mark Scheifele William Nylander 60 1 2 2
2 John Tavares Brayden Schenn Teuvo Teravainen 40 1 2 2
PowerPlay Defense
Defense Defense Time % Phy DF OF
1 Ivan Provorov Josh Morrissey 60 1 2 2
2 Esa Lindell Jakob Chychrun 40 1 2 2
Penalty Kill 4 Players Forward
Center Wing Time % Phy DF OF
1 Chandler Stephenson Alex Killorn 60 1 2 2
2 J.T. Compher Alexandre Texier 40 1 2 2
Penalty Kill 4 Players Defense
Defense Defense Time % Phy DF OF
1 Ivan Provorov Esa Lindell 60 1 2 2
2 Josh Manson Jakob Chychrun 40 1 2 2
Penalty Kill - 3 Players Forward
Forward Time % Phy DF OF
1 Alex Killorn 60 1 2 2
2 Teuvo Teravainen 40 1 2 2
Penalty Kill - 3 Players Defense
Defense Defense Time % Phy DF OF
1 Ivan Provorov Esa Lindell 60 1 2 2
2 Josh Manson Jakob Chychrun 40 1 2 2
4 vs 4 Forward
Center Wing Time % Phy DF OF
1 Nazem Kadri William Nylander 60 1 2 2
2 John Tavares Mark Scheifele 40 1 2 2
4 vs 4 Defense
Defense Defense Time % Phy DF OF
1 Esa Lindell Ivan Provorov 60 1 2 2
2 Brenden Dillon Jakob Chychrun 40 1 2 2
Last Minutes Offensive
Center Left Wing Right Wing Defense Defense
Nazem Kadri Mark Scheifele William Nylander Jakob Chychrun Josh Morrissey
Last Minutes Defensive
Center Left Wing Right Wing Defense Defense
Chandler Stephenson Alex Killorn Alexandre Texier Ivan Provorov Esa Lindell
Goaltenders
Starting : Robin Lehner
Backup : Jack Campbell
Extra Forwards
Normal : Nazem Kadri, William Nylander, Mark Scheifele - PP : William Nylander, Nazem Kadri - PK : Alex Killorn
Extra Defensemen
Normal : Ivan Provorov, Esa Lindell, Jakob Chychrun - PP : Josh Morrissey - PK : Ivan Provorov, Esa Lindell
Penalty Shots
Jakob Chychrun, Brenden Dillon, Mark Scheifele, John Tavares, Nazem Kadri
% Time on Ice - Los Angeles Kings
Lines # - Real PCT - Wanted PCT - Time Play
Normal Forward
1 - 32% - 30% - 16:14
2 - 28% - 30% - 14:05
3 - 23% - 25% - 11:30
4 - 17% - 15% - 8:46
Normal Defense
1 - 36% - 35% - 18:09
2 - 36% - 35% - 17:58
3 - 29% - 30% - 14:28
4 - 0% - 0% - 0:00
PP Forward
1 - 51% - 50% - 1:47
2 - 49% - 50% - 1:41
PP Defense
1 - 58% - 50% - 2:00
2 - 42% - 50% - 1:28
PK Forward
1 - 54% - 50% - 2:54
2 - 46% - 50% - 2:27
PK Defense
1 - 51% - 50% - 2:43
2 - 49% - 50% - 2:38
PK3 Forward
1 - 0% - 50%
2 - 0% - 50%
PK3 Defense
1 - 0% - 50%
2 - 0% - 50%
44 Forward
1 - 56% - 50% - 3:07
2 - 44% - 50% - 2:29
44 Defense
1 - 59% - 50% - 3:17
2 - 41% - 50% - 2:19
Last Minute Offensive - 0:00
Last Minute Defensive - 0:00
Total
Forward - 65:00
Defense - 65:00
|
% Time on Ice - Anaheim Ducks
Lines # - Real PCT - Wanted PCT - Time Play
Normal Forward
1 - 36% - 37% - 18:03
2 - 31% - 33% - 15:29
3 - 22% - 25% - 10:57
4 - 12% - 5% - 6:06
Normal Defense
1 - 39% - 40% - 19:48
2 - 32% - 30% - 15:58
3 - 22% - 20% - 11:13
4 - 7% - 10% - 3:36
PP Forward
1 - 74% - 60% - 3:56
2 - 26% - 40% - 1:25
PP Defense
1 - 74% - 60% - 3:58
2 - 26% - 40% - 1:23
PK Forward
1 - 70% - 60% - 2:26
2 - 30% - 40% - 1:02
PK Defense
1 - 58% - 60% - 2:01
2 - 42% - 40% - 1:27
PK3 Forward
1 - 0% - 60%
2 - 0% - 40%
PK3 Defense
1 - 0% - 60%
2 - 0% - 40%
44 Forward
1 - 87% - 60% - 4:52
2 - 13% - 40% - 0:44
44 Defense
1 - 73% - 60% - 4:05
2 - 27% - 40% - 1:31
Last Minute Offensive - 0:00
Last Minute Defensive - 0:00
Total
Forward - 65:00
Defense - 65:00
|
Play-by-Play
1st period
0:01 of 1st period - Mark Scheifele wins face-off versus Nicklas Backstrom in neutral zone.
0:13 of 1st period - Snap shot by Andrei Svechnikov.
0:13 of 1st period - Stopped by Robin Lehner with a rebound.
0:15 of 1st period - Backhand shot by Noah Dobson.
0:15 of 1st period - Stopped by Robin Lehner without a rebound.
0:16 of 1st period - John Tavares wins face-off versus Seth Jarvis in Anaheim Ducks zone.
0:16 of 1st period - John Tavares is hit by Seth Jarvis.
0:24 of 1st period - Snap shot by Brayden Schenn.
0:24 of 1st period - Stopped by John Gibson with a rebound.
1:23 of 1st period - Wrist shot by Andrei Svechnikov.
1:23 of 1st period - Shot Blocked by Mason Marchment.
1:37 of 1st period - Andrei Svechnikov is hit by Josh Morrissey.
2:11 of 1st period - Slapshot by Seth Jarvis.
2:11 of 1st period - Shot Misses the Net.
2:13 of 1st period - Slapshot by Mike Matheson.
2:13 of 1st period - Stopped by Robin Lehner without a rebound.
2:14 of 1st period - Nazem Kadri wins face-off versus Seth Jarvis in Anaheim Ducks zone.
2:27 of 1st period - Snap shot by Seth Jarvis.
2:27 of 1st period - Shot Misses the Net.
2:29 of 1st period - Slapshot by Jakub Zboril.
2:29 of 1st period - Stopped by Robin Lehner with a rebound.
2:39 of 1st period - Mark Scheifele is hit by Peyton Krebs and loses puck.
3:23 of 1st period - Snap shot by Mason Marchment.
3:23 of 1st period - Deflect By J.T. Compher.
3:23 of 1st period - Shot Hit the Post.
3:23 of 1st period - Puck is out of play.
3:24 of 1st period - Radek Faksa wins face-off versus Seth Jarvis in Los Angeles Kings zone.
3:34 of 1st period - Wrist shot by J.T. Compher.
3:34 of 1st period - Stopped by John Gibson with a rebound.
3:36 of 1st period - Wrist shot by Mason Marchment.
3:36 of 1st period - Stopped by John Gibson without a rebound.
3:37 of 1st period - Chandler Stephenson wins face-off versus Nicklas Backstrom in Los Angeles Kings zone.
3:50 of 1st period - Slapshot by Nicklas Backstrom.
3:50 of 1st period - Shot Misses the Net.
3:58 of 1st period - Minor Penalty to Alex Killorn for Roughing.
3:59 of 1st period - Chandler Stephenson wins face-off versus Nicklas Backstrom in Anaheim Ducks zone.
4:48 of 1st period - Wrist shot by Seth Jarvis.
4:48 of 1st period - Shot Blocked by Alexandre Texier.
4:50 of 1st period - Slapshot by K'Andre Miller.
4:50 of 1st period - Stopped by Robin Lehner without a rebound.
4:51 of 1st period - Chandler Stephenson wins face-off versus Nicklas Backstrom in Anaheim Ducks zone.
5:58 of 1st period - Penalty to Alex Killorn is over, Alex Killorn is back on ice.
6:13 of 1st period - Wrist shot by Peyton Krebs.
6:13 of 1st period - Shot Misses the Net.
6:19 of 1st period - Esa Lindell is hit by Ryan Reaves and loses puck.
6:44 of 1st period - Jakub Zboril is hit by Brenden Dillon and loses puck.
7:19 of 1st period - Wrist shot by Mark Scheifele.
7:19 of 1st period - Shot Blocked by Mike Matheson.
7:21 of 1st period - Backhand shot by Josh Morrissey.
7:21 of 1st period - Shot Blocked by Mike Matheson.
8:23 of 1st period - Jakub Zboril is hit by Chandler Stephenson and loses puck.
9:08 of 1st period - Ivan Provorov is hit by Tyler Gaudet and loses puck.
9:23 of 1st period - Ivan Provorov is hit by Cooper Marody and loses puck.
9:30 of 1st period - Slapshot by Vitaly Kravtsov.
9:30 of 1st period - Shot Misses the Net.
9:32 of 1st period - Slapshot by Mike Matheson.
9:32 of 1st period - Stopped by Robin Lehner with a rebound.
9:42 of 1st period - Alexander Radulov is hit by Chandler Stephenson and loses puck.
10:07 of 1st period - Snap shot by Nicklas Backstrom.
10:07 of 1st period - Shot Misses the Net.
11:30 of 1st period - Slapshot by Teuvo Teravainen.
11:30 of 1st period - Stopped by John Gibson without a rebound.
11:31 of 1st period - Nazem Kadri wins face-off versus Seth Jarvis in Los Angeles Kings zone.
11:46 of 1st period - Icing by Nazem Kadri.
11:47 of 1st period - Nicklas Backstrom wins face-off versus Nazem Kadri in Anaheim Ducks zone.
12:18 of 1st period - Wrist shot by Dominik Kubalik.
12:18 of 1st period - Stopped by Robin Lehner with a rebound.
12:20 of 1st period - Slapshot by K'Andre Miller.
12:20 of 1st period - Shot Misses the Net.
12:58 of 1st period - Snap shot by Alex Killorn.
12:58 of 1st period - Stopped by John Gibson with a rebound.
13:00 of 1st period - Wrist shot by Alexandre Texier.
13:00 of 1st period - Stopped by John Gibson without a rebound.
13:01 of 1st period - Chandler Stephenson wins face-off versus Nicklas Backstrom in Los Angeles Kings zone.
13:27 of 1st period - Snap shot by Nicklas Backstrom.
13:27 of 1st period - Stopped by Robin Lehner without a rebound.
13:28 of 1st period - Alexander Radulov wins face-off versus John Tavares in Anaheim Ducks zone.
13:31 of 1st period - Wrist shot by Dominik Kubalik.
13:31 of 1st period - Shot Misses the Net.
13:41 of 1st period - Wrist shot by Dominik Kubalik.
13:41 of 1st period - Stopped by Robin Lehner without a rebound.
13:42 of 1st period - John Tavares wins face-off versus Nicklas Backstrom in Anaheim Ducks zone.
13:53 of 1st period - Slapshot by Teuvo Teravainen.
13:53 of 1st period - Deflect By Brayden Schenn.
13:53 of 1st period - Stopped by John Gibson with a rebound.
14:17 of 1st period - Snap shot by Nazem Kadri.
14:17 of 1st period - Stopped by John Gibson without a rebound.
14:18 of 1st period - Chandler Stephenson wins face-off versus Peyton Krebs in Los Angeles Kings zone.
14:19 of 1st period - Slapshot by Alex Killorn.
14:19 of 1st period - Shot Blocked by Jakub Zboril.
14:21 of 1st period - Snap shot by Alex Killorn.
14:21 of 1st period - Shot Misses the Net.
14:39 of 1st period - Chandler Stephenson is hit by Jakub Zboril.
15:36 of 1st period - Wrist shot by Cooper Marody.
15:36 of 1st period - Stopped by Robin Lehner with a rebound.
16:00 of 1st period - Snap shot by Alex Killorn.
16:00 of 1st period - Shot Misses the Net.
16:02 of 1st period - Snap shot by Chandler Stephenson.
16:02 of 1st period - Stopped by John Gibson without a rebound.
16:03 of 1st period - Peyton Krebs wins face-off versus John Tavares in Los Angeles Kings zone.
16:40 of 1st period - Wrist shot by Seth Jarvis.
16:40 of 1st period - Deflect By Dominik Kubalik.
16:40 of 1st period - Stopped by Robin Lehner with a rebound.
16:42 of 1st period - Slapshot by K'Andre Miller.
16:42 of 1st period - Shot Blocked by Esa Lindell.
16:44 of 1st period - Slapshot by Noah Dobson.
16:44 of 1st period - Stopped by Robin Lehner with a rebound.
16:46 of 1st period - Wrist shot by Dominik Kubalik.
16:46 of 1st period - Shot Misses the Net.
18:14 of 1st period - William Nylander is hit by Seth Jarvis and loses puck.
18:27 of 1st period - Dominik Kubalik is hit by Josh Manson and loses puck.
18:44 of 1st period - Alexander Radulov is hit by Nazem Kadri and loses puck.
18:50 of 1st period - Icing by Seth Jarvis.
18:51 of 1st period - John Tavares wins face-off versus Seth Jarvis in Los Angeles Kings zone.
19:04 of 1st period - Snap shot by Brayden Schenn.
19:04 of 1st period - Shot Blocked by Rasmus Sandin.
Goals for this period are 0 for Los Angeles Kings vs 0 for Anaheim Ducks.
Shots for this period are 12 for Los Angeles Kings vs 9 for Anaheim Ducks.
2nd period
0:01 of 2nd period - John Tavares wins face-off versus Nicklas Backstrom in neutral zone.
0:17 of 2nd period - Minor Penalty to Brayden Schenn for Goalie Interference.
0:18 of 2nd period - Chandler Stephenson wins face-off versus Nicklas Backstrom in Anaheim Ducks zone.
0:56 of 2nd period - Snap shot by Dominik Kubalik.
0:56 of 2nd period - Shot Misses the Net.
0:58 of 2nd period - Snap shot by Erik Brannstrom.
0:58 of 2nd period - Stopped by Robin Lehner with a rebound.
1:00 of 2nd period - Slapshot by Erik Brannstrom.
1:00 of 2nd period - Stopped by Robin Lehner without a rebound.
1:01 of 2nd period - Chandler Stephenson wins face-off versus Seth Jarvis in Anaheim Ducks zone.
1:01 of 2nd period - Chandler Stephenson is hit by Alexander Radulov.
1:40 of 2nd period - Minor Penalty to Erik Brannstrom for Tripping.
1:41 of 2nd period - Nazem Kadri wins face-off versus Andrei Svechnikov in Los Angeles Kings zone.
1:56 of 2nd period - Nicklas Backstrom is hit by Esa Lindell and loses puck.
2:17 of 2nd period - Penalty to Brayden Schenn is over, Brayden Schenn is back on ice.
2:43 of 2nd period - Slapshot by Brayden Schenn.
2:43 of 2nd period - Shot Misses the Net.
3:01 of 2nd period - Slapshot by Mark Scheifele.
3:01 of 2nd period - Shot Blocked by Rasmus Sandin.
3:03 of 2nd period - Wrist shot by Mark Scheifele.
3:03 of 2nd period - Stopped by John Gibson with a rebound.
3:05 of 2nd period - Slapshot by Josh Morrissey.
3:05 of 2nd period - Stopped by John Gibson without a rebound.
3:06 of 2nd period - John Tavares wins face-off versus Kirby Dach in Los Angeles Kings zone.
3:15 of 2nd period - Ivan Provorov is hit by Andrei Svechnikov and loses puck.
3:34 of 2nd period - Josh Morrissey is hit by Mike Matheson and loses puck.
3:40 of 2nd period - Penalty to Erik Brannstrom is over, Erik Brannstrom is back on ice.
4:10 of 2nd period - Snap shot by Andrei Svechnikov.
4:10 of 2nd period - Stopped by Robin Lehner without a rebound.
4:11 of 2nd period - John Tavares wins face-off versus Peyton Krebs in Anaheim Ducks zone.
4:37 of 2nd period - William Nylander is hit by Alexander Radulov and loses puck.
4:48 of 2nd period - Wrist shot by Mark Scheifele.
4:48 of 2nd period - Deflect By Nazem Kadri.
4:48 of 2nd period - Stopped by John Gibson with a rebound.
5:22 of 2nd period - Brenden Dillon is hit by Tyler Gaudet and loses puck.
5:56 of 2nd period - William Nylander is hit by Seth Jarvis and loses puck.
6:04 of 2nd period - Off-side.
6:05 of 2nd period - John Tavares wins face-off versus Evan Polei in neutral zone.
6:33 of 2nd period - Snap shot by Chandler Stephenson.
6:33 of 2nd period - Stopped by John Gibson without a rebound.
6:34 of 2nd period - Alex Killorn wins face-off versus Andrei Svechnikov in Los Angeles Kings zone.
6:41 of 2nd period - Snap shot by Alex Killorn.
6:41 of 2nd period - Shot Blocked by Mike Matheson.
6:45 of 2nd period - Snap shot by Alex Killorn.
6:45 of 2nd period - Stopped by John Gibson with a rebound.
6:47 of 2nd period - Wrist shot by Chandler Stephenson.
6:47 of 2nd period - Deflect By Alex Killorn.
6:47 of 2nd period - Stopped by John Gibson without a rebound.
6:48 of 2nd period - Nazem Kadri wins face-off versus Peyton Krebs in Los Angeles Kings zone.
7:05 of 2nd period - Backhand shot by Nazem Kadri.
7:05 of 2nd period - Shot Misses the Net.
7:39 of 2nd period - Slapshot by Josh Morrissey.
7:39 of 2nd period - Stopped by John Gibson without a rebound.
7:40 of 2nd period - John Tavares wins face-off versus Seth Jarvis in Los Angeles Kings zone.
8:19 of 2nd period - Dominik Kubalik is hit by Chandler Stephenson and loses puck.
8:42 of 2nd period - Wrist shot by Dominik Kubalik.
8:42 of 2nd period - Stopped by Robin Lehner with a rebound.
8:44 of 2nd period - Slapshot by K'Andre Miller.
8:44 of 2nd period - Stopped by Robin Lehner without a rebound.
8:45 of 2nd period - William Nylander wins face-off versus Andrei Svechnikov in Anaheim Ducks zone.
8:52 of 2nd period - Wrist shot by Nazem Kadri.
8:52 of 2nd period - Shot Blocked by Andrei Svechnikov.
9:03 of 2nd period - Icing by Ivan Provorov.
9:04 of 2nd period - Nazem Kadri wins face-off versus Peyton Krebs in Anaheim Ducks zone.
9:28 of 2nd period - Snap shot by Nazem Kadri.
9:28 of 2nd period - Stopped by John Gibson without a rebound.
9:29 of 2nd period - John Tavares wins face-off versus Nicklas Backstrom in Los Angeles Kings zone.
10:02 of 2nd period - Slapshot by Dominik Kubalik.
10:02 of 2nd period - Stopped by Robin Lehner without a rebound.
10:03 of 2nd period - Nazem Kadri wins face-off versus Peyton Krebs in Anaheim Ducks zone.
10:07 of 2nd period - Icing by William Nylander.
10:08 of 2nd period - Mark Scheifele wins face-off versus Tyler Gaudet in Anaheim Ducks zone.
10:12 of 2nd period - Off-side.
10:13 of 2nd period - Nazem Kadri wins face-off versus Peyton Krebs in neutral zone.
10:16 of 2nd period - Snap shot by William Nylander.
10:16 of 2nd period - Stopped by John Gibson with a rebound.
10:18 of 2nd period - Slapshot by William Nylander.
10:18 of 2nd period - Shot Misses the Net.
10:20 of 2nd period - Slapshot by Josh Morrissey.
10:20 of 2nd period - Stopped by John Gibson with a rebound.
10:30 of 2nd period - Wrist shot by William Nylander.
10:30 of 2nd period - Stopped by John Gibson without a rebound.
10:31 of 2nd period - Nicklas Backstrom wins face-off versus Teuvo Teravainen in Los Angeles Kings zone.
10:31 of 2nd period - Nicklas Backstrom is hit by John Tavares.
12:00 of 2nd period - Andrei Svechnikov is hit by Brenden Dillon.
12:04 of 2nd period - Wrist shot by Andrei Svechnikov.
12:04 of 2nd period - Shot Blocked by Brenden Dillon.
12:10 of 2nd period - Brayden Schenn is hit by Kirby Dach and loses puck.
12:44 of 2nd period - Snap shot by John Tavares.
12:44 of 2nd period - Goal by John Tavares - Los Angeles Kings : 0 - Anaheim Ducks : 1.
12:45 of 2nd period - Peyton Krebs wins face-off versus Nazem Kadri in neutral zone.
12:49 of 2nd period - Snap shot by Noah Dobson.
12:49 of 2nd period - Stopped by Robin Lehner without a rebound.
12:50 of 2nd period - Nazem Kadri wins face-off versus Peyton Krebs in Anaheim Ducks zone.
13:03 of 2nd period - Snap shot by William Nylander.
13:03 of 2nd period - Shot Blocked by K'Andre Miller.
13:15 of 2nd period - Wrist shot by Brayden Schenn.
13:15 of 2nd period - Shot Blocked by Noah Dobson.
13:55 of 2nd period - Snap shot by Ivan Provorov.
13:55 of 2nd period - Shot Misses the Net.
13:57 of 2nd period - Slapshot by Josh Morrissey.
13:57 of 2nd period - Stopped by John Gibson without a rebound.
13:58 of 2nd period - Seth Jarvis wins face-off versus Radek Faksa in Los Angeles Kings zone.
14:03 of 2nd period - J.T. Compher is hit by Dominik Kubalik and loses puck.
14:14 of 2nd period - Backhand shot by Esa Lindell.
14:14 of 2nd period - Stopped by John Gibson without a rebound.
14:15 of 2nd period - Nazem Kadri wins face-off versus Peyton Krebs in Los Angeles Kings zone.
14:16 of 2nd period - Slapshot by William Nylander.
14:16 of 2nd period - Shot Blocked by K'Andre Miller.
14:18 of 2nd period - Wrist shot by William Nylander.
14:18 of 2nd period - Shot Misses the Net.
14:20 of 2nd period - Slapshot by Esa Lindell.
14:20 of 2nd period - Stopped by John Gibson without a rebound.
14:21 of 2nd period - Nazem Kadri wins face-off versus Peyton Krebs in Los Angeles Kings zone.
15:12 of 2nd period - Ivan Provorov is hit by Alexander Radulov and loses puck.
15:19 of 2nd period - Slapshot by Seth Jarvis.
15:19 of 2nd period - Shot Misses the Net.
15:21 of 2nd period - Wrist shot by Dominik Kubalik.
15:21 of 2nd period - Stopped by Robin Lehner with a rebound.
15:31 of 2nd period - Nicklas Backstrom is hit by William Nylander and loses puck.
15:46 of 2nd period - Minor Penalty to Andrei Svechnikov for Holding.
15:47 of 2nd period - Ryan Reaves wins face-off versus Nazem Kadri in Los Angeles Kings zone.
16:12 of 2nd period - Wrist shot by Nicklas Backstrom.
16:12 of 2nd period - Shot Blocked by Nazem Kadri.
17:28 of 2nd period - Snap shot by William Nylander.
17:28 of 2nd period - Stopped by John Gibson with a rebound.
17:46 of 2nd period - Penalty to Andrei Svechnikov is over, Andrei Svechnikov is back on ice.
17:52 of 2nd period - Snap shot by Andrei Svechnikov.
17:52 of 2nd period - Stopped by Robin Lehner with a rebound.
18:06 of 2nd period - Snap shot by Nazem Kadri.
18:06 of 2nd period - Shot Misses the Net.
18:08 of 2nd period - Backhand shot by Ivan Provorov.
18:08 of 2nd period - Stopped by John Gibson without a rebound.
18:09 of 2nd period - Cooper Marody wins face-off versus John Tavares in Los Angeles Kings zone.
18:18 of 2nd period - Slapshot by Rasmus Sandin.
18:18 of 2nd period - Shot Blocked by Jakob Chychrun.
18:34 of 2nd period - John Tavares is hit by Evan Polei and loses puck.
18:41 of 2nd period - Jakub Zboril is hit by John Tavares and loses puck.
18:52 of 2nd period - Snap shot by Rasmus Sandin.
18:52 of 2nd period - Stopped by Robin Lehner with a rebound.
19:02 of 2nd period - Snap shot by John Tavares.
19:02 of 2nd period - Shot Blocked by Jakub Zboril.
19:20 of 2nd period - Slapshot by Vitaly Kravtsov.
19:20 of 2nd period - Shot Blocked by Esa Lindell.
19:30 of 2nd period - Wrist shot by Teuvo Teravainen.
19:30 of 2nd period - Shot Misses the Net.
Goals for this period are 0 for Los Angeles Kings vs 1 for Anaheim Ducks.
Shots for this period are 10 for Los Angeles Kings vs 17 for Anaheim Ducks.
3rd period
0:01 of 3rd period - Nazem Kadri wins face-off versus Andrei Svechnikov in neutral zone.
0:34 of 3rd period - Snap shot by Alexander Radulov.
0:34 of 3rd period - Shot Misses the Net.
0:58 of 3rd period - Snap shot by Noah Dobson.
0:58 of 3rd period - Deflect By Peyton Krebs.
0:58 of 3rd period - Goal by Peyton Krebs - Los Angeles Kings : 1 - Anaheim Ducks : 1.
0:59 of 3rd period - Andrei Svechnikov wins face-off versus Mark Scheifele in neutral zone.
1:02 of 3rd period - Slapshot by Noah Dobson.
1:02 of 3rd period - Shot Misses the Net.
1:52 of 3rd period - Snap shot by Brayden Schenn.
1:52 of 3rd period - Goal by Brayden Schenn - Los Angeles Kings : 1 - Anaheim Ducks : 2.
1:53 of 3rd period - Mark Scheifele wins face-off versus Nicklas Backstrom in neutral zone.
1:58 of 3rd period - Snap shot by Mark Scheifele.
1:58 of 3rd period - Deflect By William Nylander.
1:58 of 3rd period - Deflect By Andrei Svechnikov.
1:58 of 3rd period - Stopped by John Gibson with a rebound.
2:41 of 3rd period - Chandler Stephenson is hit by Rasmus Sandin and loses puck.
2:46 of 3rd period - Wrist shot by Peyton Krebs.
2:46 of 3rd period - Stopped by Robin Lehner with a rebound.
3:24 of 3rd period - Snap shot by Teuvo Teravainen.
3:24 of 3rd period - Stopped by John Gibson without a rebound.
3:25 of 3rd period - John Tavares wins face-off versus Nicklas Backstrom in Los Angeles Kings zone.
3:44 of 3rd period - Brayden Schenn is hit by Nicklas Backstrom and loses puck.
3:55 of 3rd period - Jakub Zboril is hit by Brenden Dillon and loses puck.
4:18 of 3rd period - Snap shot by Teuvo Teravainen.
4:18 of 3rd period - Stopped by John Gibson with a rebound.
4:20 of 3rd period - Snap shot by Teuvo Teravainen.
4:20 of 3rd period - Shot Misses the Net.
4:22 of 3rd period - Slapshot by Brenden Dillon.
4:22 of 3rd period - Shot Misses the Net.
4:30 of 3rd period - Josh Manson is hit by Nicklas Backstrom and loses puck.
4:40 of 3rd period - Off-side.
4:41 of 3rd period - Nazem Kadri wins face-off versus Seth Jarvis in neutral zone.
4:58 of 3rd period - Wrist shot by William Nylander.
4:58 of 3rd period - Shot Blocked by Mike Matheson.
5:14 of 3rd period - Snap shot by Alex Killorn.
5:14 of 3rd period - Shot Blocked by Mike Matheson.
5:16 of 3rd period - Slapshot by Alexandre Texier.
5:16 of 3rd period - Shot Misses the Net.
5:18 of 3rd period - Slapshot by Chandler Stephenson.
5:18 of 3rd period - Goal by Chandler Stephenson - Los Angeles Kings : 1 - Anaheim Ducks : 3.
5:19 of 3rd period - Nazem Kadri wins face-off versus Seth Jarvis in neutral zone.
5:32 of 3rd period - Off-side.
5:33 of 3rd period - Nazem Kadri wins face-off versus Peyton Krebs in neutral zone.
6:06 of 3rd period - Snap shot by Alex Killorn.
6:06 of 3rd period - Stopped by John Gibson with a rebound.
6:08 of 3rd period - Wrist shot by Chandler Stephenson.
6:08 of 3rd period - Shot Blocked by Mike Matheson.
6:10 of 3rd period - Snap shot by Alexandre Texier.
6:10 of 3rd period - Stopped by John Gibson with a rebound.
6:21 of 3rd period - Off-side.
6:22 of 3rd period - John Tavares wins face-off versus Nicklas Backstrom in neutral zone.
7:32 of 3rd period - Snap shot by J.T. Compher.
7:32 of 3rd period - Shot Misses the Net.
7:34 of 3rd period - Slapshot by Josh Manson.
7:34 of 3rd period - Shot Misses the Net.
7:55 of 3rd period - Icing by Josh Manson.
7:56 of 3rd period - Nicklas Backstrom wins face-off versus John Tavares in Anaheim Ducks zone.
7:57 of 3rd period - Snap shot by Andrei Svechnikov.
7:57 of 3rd period - Shot Misses the Net.
7:59 of 3rd period - Slapshot by Mike Matheson.
7:59 of 3rd period - Shot Misses the Net.
8:01 of 3rd period - Slapshot by Erik Brannstrom.
8:01 of 3rd period - Goal by Erik Brannstrom - Los Angeles Kings : 2 - Anaheim Ducks : 3.
8:02 of 3rd period - Nazem Kadri wins face-off versus Seth Jarvis in neutral zone.
8:37 of 3rd period - Snap shot by Teuvo Teravainen.
8:37 of 3rd period - Shot Blocked by Mike Matheson.
8:39 of 3rd period - Wrist shot by Teuvo Teravainen.
8:39 of 3rd period - Stopped by John Gibson with a rebound.
8:41 of 3rd period - Slapshot by Esa Lindell.
8:41 of 3rd period - Shot Blocked by Alexander Radulov.
9:45 of 3rd period - Tyler Gaudet is hit by Mark Scheifele.
10:41 of 3rd period - Josh Manson is hit by Tyler Gaudet and loses puck.
10:56 of 3rd period - Slapshot by Nazem Kadri.
10:56 of 3rd period - Deflect By William Nylander.
10:56 of 3rd period - Shot Misses the Net.
10:56 of 3rd period - Puck is out of play.
10:57 of 3rd period - William Nylander wins face-off versus Nicklas Backstrom in Los Angeles Kings zone.
11:06 of 3rd period - Snap shot by Nazem Kadri.
11:06 of 3rd period - Stopped by John Gibson without a rebound.
11:07 of 3rd period - Peyton Krebs wins face-off versus Nazem Kadri in Los Angeles Kings zone.
11:59 of 3rd period - Slapshot by Esa Lindell.
11:59 of 3rd period - Stopped by John Gibson without a rebound.
12:00 of 3rd period - Nazem Kadri wins face-off versus Cooper Marody in Los Angeles Kings zone.
12:27 of 3rd period - Brayden Schenn is hit by Erik Brannstrom and loses puck.
13:03 of 3rd period - Snap shot by Alex Killorn.
13:03 of 3rd period - Stopped by John Gibson with a rebound.
13:39 of 3rd period - Ivan Provorov is hit by Erik Brannstrom and loses puck.
13:47 of 3rd period - Minor Penalty to Radek Faksa for Roughing.
13:48 of 3rd period - Nicklas Backstrom wins face-off versus Chandler Stephenson in Anaheim Ducks zone.
13:53 of 3rd period - Wrist shot by Andrei Svechnikov.
13:53 of 3rd period - Goal by Andrei Svechnikov - Los Angeles Kings : 3 - Anaheim Ducks : 3.
13:54 of 3rd period - Nazem Kadri wins face-off versus Nicklas Backstrom in neutral zone.
14:01 of 3rd period - Snap shot by Nazem Kadri.
14:01 of 3rd period - Deflect By William Nylander.
14:01 of 3rd period - Shot Blocked by Noah Dobson.
14:01 of 3rd period - Puck is out of play.
14:02 of 3rd period - Nazem Kadri wins face-off versus Andrei Svechnikov in Los Angeles Kings zone.
14:23 of 3rd period - Wrist shot by Mark Scheifele.
14:23 of 3rd period - Stopped by John Gibson with a rebound.
14:31 of 3rd period - Snap shot by Mark Scheifele.
14:31 of 3rd period - Shot Misses the Net.
15:09 of 3rd period - Snap shot by William Nylander.
15:09 of 3rd period - Shot Misses the Net.
15:21 of 3rd period - Slapshot by K'Andre Miller.
15:21 of 3rd period - Deflect By Andrei Svechnikov.
15:21 of 3rd period - Shot Blocked by Nazem Kadri.
15:21 of 3rd period - Puck is out of play.
15:22 of 3rd period - Chandler Stephenson wins face-off versus Peyton Krebs in Anaheim Ducks zone.
15:28 of 3rd period - Minor Penalty to Ryan Reaves for Holding.
15:29 of 3rd period - Peyton Krebs wins face-off versus John Tavares in Los Angeles Kings zone.
16:12 of 3rd period - Dominik Kubalik is hit by Jakob Chychrun and loses puck.
17:10 of 3rd period - Slapshot by J.T. Compher.
17:10 of 3rd period - Stopped by John Gibson with a rebound.
17:12 of 3rd period - Snap shot by Jakob Chychrun.
17:12 of 3rd period - Stopped by John Gibson with a rebound.
17:14 of 3rd period - Wrist shot by Alexandre Texier.
17:14 of 3rd period - Shot Misses the Net.
17:16 of 3rd period - Snap shot by Alex Killorn.
17:16 of 3rd period - Deflect By Alexandre Texier.
17:16 of 3rd period - Stopped by John Gibson without a rebound.
17:17 of 3rd period - William Nylander wins face-off versus Andrei Svechnikov in Los Angeles Kings zone.
17:28 of 3rd period - Penalty to Ryan Reaves is over, Ryan Reaves is back on ice.
17:34 of 3rd period - Snap shot by Vitaly Kravtsov.
17:34 of 3rd period - Stopped by Robin Lehner with a rebound.
17:36 of 3rd period - Slapshot by Mike Matheson.
17:36 of 3rd period - Shot Blocked by Brayden Schenn.
17:38 of 3rd period - Wrist shot by Evan Polei.
17:38 of 3rd period - Stopped by Robin Lehner with a rebound.
17:42 of 3rd period - Snap shot by Erik Brannstrom.
17:42 of 3rd period - Deflect By Cooper Marody.
17:42 of 3rd period - Stopped by Robin Lehner with a rebound.
18:49 of 3rd period - Esa Lindell is hit by Cooper Marody and loses puck.
19:10 of 3rd period - Andrei Svechnikov is hit by Nazem Kadri and loses puck.
19:39 of 3rd period - K'Andre Miller is hit by J.T. Compher and loses puck.
Goals for this period are 3 for Los Angeles Kings vs 2 for Anaheim Ducks.
Shots for this period are 7 for Los Angeles Kings vs 15 for Anaheim Ducks.
Overtime #1
0:01 of 1st overtime period - Kirby Dach wins face-off versus Nazem Kadri in neutral zone.
0:04 of 1st overtime period - Ivan Provorov is hit by Dominik Kubalik and loses puck.
0:11 of 1st overtime period - Erik Brannstrom is hit by William Nylander and loses puck.
1:45 of 1st overtime period - Erik Brannstrom is hit by Brenden Dillon and loses puck.
Goals for this period are 0 for Los Angeles Kings vs 0 for Anaheim Ducks.
Shots for this period are 0 for Los Angeles Kings vs 0 for Anaheim Ducks.
ShootOut
5:00 of 1st overtime period - Round #1.
5:00 of 1st overtime period - Los Angeles Kings, Andrei Svechnikov.
5:00 of 1st overtime period - Wrist shot by Andrei Svechnikov.
5:00 of 1st overtime period - Stopped by Robin Lehner.
5:00 of 1st overtime period - Anaheim Ducks, Jakob Chychrun.
5:00 of 1st overtime period - Backhand shot by Jakob Chychrun.
5:00 of 1st overtime period - Stopped by John Gibson.
5:00 of 1st overtime period - Round #2.
5:00 of 1st overtime period - Los Angeles Kings, Nicklas Backstrom.
5:00 of 1st overtime period - Deke by Nicklas Backstrom.
5:00 of 1st overtime period - Stopped by Robin Lehner.
5:00 of 1st overtime period - Anaheim Ducks, Brenden Dillon.
5:00 of 1st overtime period - Deke by Brenden Dillon.
5:00 of 1st overtime period - Stopped by John Gibson.
5:00 of 1st overtime period - Round #3.
5:00 of 1st overtime period - Los Angeles Kings, Kirby Dach.
5:00 of 1st overtime period - Wrist shot by Kirby Dach.
5:00 of 1st overtime period - Goal by Kirby Dach.
5:00 of 1st overtime period - Anaheim Ducks, Mark Scheifele.
5:00 of 1st overtime period - Deke by Mark Scheifele.
5:00 of 1st overtime period - Goal by Mark Scheifele.
5:00 of 1st overtime period - Round #4.
5:00 of 1st overtime period - Los Angeles Kings, Dominik Kubalik.
5:00 of 1st overtime period - Snap shot by Dominik Kubalik.
5:00 of 1st overtime period - Stopped by Robin Lehner.
5:00 of 1st overtime period - Anaheim Ducks, John Tavares.
5:00 of 1st overtime period - Wrist shot by John Tavares.
5:00 of 1st overtime period - Stopped by John Gibson.
5:00 of 1st overtime period - Round #5.
5:00 of 1st overtime period - Los Angeles Kings, Alexander Radulov.
5:00 of 1st overtime period - Deke by Alexander Radulov.
5:00 of 1st overtime period - Goal by Alexander Radulov.
5:00 of 1st overtime period - Anaheim Ducks, Nazem Kadri.
5:00 of 1st overtime period - Snap shot by Nazem Kadri.
5:00 of 1st overtime period - Goal by Nazem Kadri.
5:00 of 1st overtime period - Round #6.
5:00 of 1st overtime period - Los Angeles Kings, Jakub Zboril.
5:00 of 1st overtime period - Deke by Jakub Zboril.
5:00 of 1st overtime period - Goal by Jakub Zboril.
5:00 of 1st overtime period - Anaheim Ducks, Alexandre Texier.
5:00 of 1st overtime period - Wrist shot by Alexandre Texier.
5:00 of 1st overtime period - Goal by Alexandre Texier.
5:00 of 1st overtime period - Round #7.
5:00 of 1st overtime period - Los Angeles Kings, K'Andre Miller.
5:00 of 1st overtime period - Wrist shot by K'Andre Miller.
5:00 of 1st overtime period - Goal by K'Andre Miller.
5:00 of 1st overtime period - Anaheim Ducks, Brayden Schenn.
5:00 of 1st overtime period - Backhand shot by Brayden Schenn.
5:00 of 1st overtime period - Goal by Brayden Schenn.
5:00 of 1st overtime period - Round #8.
5:00 of 1st overtime period - Los Angeles Kings, Cooper Marody.
5:00 of 1st overtime period - Snap shot by Cooper Marody.
5:00 of 1st overtime period - Goal by Cooper Marody.
5:00 of 1st overtime period - Anaheim Ducks, Radek Faksa.
5:00 of 1st overtime period - Wrist shot by Radek Faksa.
5:00 of 1st overtime period - Shot Misses the Net.
Back to the Top